Map: Acid Plant LE

Players

Maplez - Winner!

  • Race: Protoss Protoss
  • League: Grandmaster
  • Spawn Location: 5:00

llllllllllll

  • Race: Zerg Zerg
  • League: Grandmaster
  • Spawn Location: 11:00

VOD

Have the link to the VOD?

Description

Time

  • Played on: Feb. 2, 2018, 6:19 p.m.
  • Length: 9:20
Show
View Real Time Build Order
Export as new Build Order

Maplez Protoss - Winner!

Build Orders: 1 Gate Expand, Oracle Opening, Phoenix Opening, Zealot Archon 

Get SALT Encoding   

  12  0:00  Probe  
  13  0:13  Probe  
  14  0:18  Pylon  
  14  0:25  Probe  
  15  0:37  Probe (Chrono Boost)  
  15  0:39  Gateway  
  16  0:46  Probe (Chrono Boost)  
  16  0:48  Assimilator  
  17  0:53  Probe  
  18  1:05  Probe  
  19  1:17  Probe  
  20  1:25  Nexus  
  20  1:29  Probe  
  21  1:39  Cybernetics Core  
  21  1:42  Probe  
  21  1:46  Assimilator  
  22  1:53  Pylon  
  22  1:57  Probe  
  23  2:11  Probe  
  24  2:16  Adept (Chrono Boost)  
  24  2:22  Stargate  
  26  2:23  Probe  
  27  2:31  Warp Gate  
  27  2:35  Probe (Chrono Boost)  
  28  2:37  Adept  
  28  2:39  Probe (Chrono Boost)  
  31  2:47  Probe (Chrono Boost)  
  31  2:48  Probe (Chrono Boost)  
  33  2:51  Probe (Chrono Boost)  
  33  2:53  Probe (Chrono Boost)  
  35  3:01  Probe  
  36  3:05  Probe  
  36  3:08  Oracle (Chrono Boost)  
  40  3:13  Adept  
  40  3:14  Probe  
  40  3:17  Probe  
  44  3:24  Pylon  
  44  3:26  Probe  
  45  3:28  Gateway  
  45  3:30  Probe  
  44  3:38  Probe  
  44  3:40  Phoenix (Chrono Boost)  
  44  3:41  Assimilator  
  45  3:42  Probe  
  45  3:44  Adept, Assimilator  
  50  3:49  Pylon  
  50  3:50  Probe  
  50  3:54  Probe  
  52  4:02  Probe  
  53  4:04  Robotics Facility  
  53  4:12  Probe  
  53  4:15  Twilight Council, Forge  
  54  4:20  Probe  
  55  4:29  Probe  
  56  4:36  Pylon  
  56  4:41  Nexus  
  56  4:42  Pylon  
  57  4:48  Charge (Chrono Boost)  
  56  4:53  Warp Prism (Chrono Boost), Gateway x2  
  56  4:57  Protoss Ground Weapons Level 1 (Chrono Boost)  
  58  5:10  Templar Archives  
  58  5:12  Probe  
  58  5:13  Probe  
  60  5:16  Shield Battery  
  60  5:20  Pylon  
  60  5:28  Templar Archives  
  60  5:31  Probe  
  61  5:36  Probe  
  61  5:39  Pylon  
  62  5:43  Probe  
  62  5:48  Gateway x2  
  63  5:52  Gateway  
  63  5:56  Gateway  
  63  5:57  Gateway  
  63  6:00  High Templar x4  
  63  6:01  Probe  
  63  6:02  Probe x2  
  74  6:06  Archon x2  
  74  6:07  Psionic Storm  
  74  6:12  Gateway  
  74  6:14  Immortal (Chrono Boost), Probe  
  79  6:25  Probe  
  80  6:30  Probe  
  80  6:32  Probe  
  82  6:37  Probe  
  81  6:40  Zealot x4  
  81  6:42  Probe  
  81  6:44  Probe  
  89  6:49  Probe  
  89  6:54  Probe  
  89  6:56  Probe  
  88  7:01  Probe  
  88  7:04  Immortal (Chrono Boost), Protoss Ground Weapons Level 2 (Chrono Boost)  
  88  7:06  Probe  
  88  7:08  Probe  
  93  7:13  Assimilator, Probe  
  93  7:14  Assimilator  
  92  7:17  Photon Cannon, Shield Battery  
  92  7:20  High Templar x2  
  92  7:21  High Templar  
  98  7:28  Shield Battery  
  98  7:29  Pylon  
  98  7:32  Zealot  
  98  7:33  Zealot x4  
  108  7:46  Pylon  
  108  7:47  Immortal, Pylon  
  112  7:55  High Templar x2  
  116  7:59  Probe  
  116  8:01  Nexus  
  116  8:04  Pylon x2, Probe x2  
  119  8:08  Zealot  
  119  8:11  Probe  
  122  8:15  Pylon  
  122  8:23  Immortal (Chrono Boost)  
  124  8:38  Zealot x9  
  130  8:58  Archon  
  130  8:59  Archon  
  128  9:05  Zealot  
  128  9:06  Zealot x6  
  126  9:10  Zealot x2  
Show
View Real Time Build Order
Export as new Build Order

llllllllllll Zerg 

Build Orders: Hatch First 

Get SALT Encoding   

  12  0:01  Drone  
  13  0:13  Overlord  
  13  0:18  Drone  
  14  0:31  Drone x2  
  16  0:39  Drone  
  17  0:53  Hatchery  
  16  0:58  Drone  
  16  0:59  Drone  
  18  1:09  Drone  
  19  1:12  Extractor  
  19  1:17  Spawning Pool  
  17  1:20  Drone  
  18  1:29  Drone  
  19  1:40  Overlord  
  19  1:53  Drone  
  20  2:05  Queen x2  
  20  2:07  Drone x2  
  26  2:25  Drone, Hatchery  
  26  2:35  Zergling x4  
  28  2:37  Drone x2  
  28  2:42  Metabolic Boost  
  30  2:51  Queen  
  32  3:01  Queen  
  34  3:07  Spore Crawler  
  34  3:11  Drone x3  
  36  3:20  Overlord  
  36  3:34  Overlord  
  36  3:35  Overlord  
  36  3:51  Drone x6  
  36  3:52  Drone x2  
  36  3:55  Spore Crawler  
  43  4:05  Lair  
  43  4:12  Drone x9  
  51  4:17  Spore Crawler  
  50  4:25  Overlord  
  48  4:31  Extractor x2  
  48  4:32  Drone  
  48  4:33  Drone x5, Extractor  
  51  4:38  Queen  
  53  4:46  Drone x5  
  53  4:49  Overlord  
  58  4:59  Drone  
  60  5:00  Drone x4  
  62  5:11  Drone x2  
  62  5:12  Drone x5  
  69  5:27  Hydralisk Den  
  68  5:34  Evolution Chamber  
  67  5:36  Overlord x3  
  67  5:38  Drone x6  
  73  5:43  Extractor  
  72  5:50  Overlord  
  72  5:51  Overlord  
  72  5:54  Zergling x6  
  75  5:59  Baneling Nest  
  74  6:07  Hydralisk x4  
  82  6:13  Hydralisk x2  
  82  6:17  Zerg Missile Weapons Level 1  
  86  6:29  Hydralisk x7  
  89  6:43  Hydralisk x7  
  78  7:19  Muscular Augments  
  78  7:20  Lurker Den  
  77  7:23  Zergling x18  
  77  7:24  Zergling x10  
  77  7:29  Baneling Nest  
  90  7:38  Overlord x3  
  90  7:40  Overseer  
  90  7:55  Hydralisk x3  
  96  7:59  Zergling x12  
  102  8:19  Hydralisk x5  
  111  8:32  Overlord x2  
Tags
 
Add a new tag
Caveats
  • Supply blocks, unpowered buildings, or Contaminate may cause inaccurate times.
  • Supply counts are checked every 10 seconds.